Sabres vs Flyers

Created - October-31-14 at 18:16

Goals
1 2 3 T
Sabres 1 1 0 2
Flyers 1 1 2 4
Shots
1 2 3 T
Sabres 15 8 7 30
Flyers 5 10 7 22

1st period

1. Flyers , Kyle Brodziak 2 (Marek Zidlicky, Kyle Okposo) at 2:43 (PP)
2. Sabres , Dan Girardi 1 (Oliver Ekman-Larsson) at 14:19

Penalties :
Jordan Staal (BUF) for Hooking (Minor) at 2:06, Olli Jokinen (PHI) for Hooking (Minor) at 3:40, Olli Jokinen (PHI) for Slashing (Minor) at 11:55, Dan Girardi (BUF) for Cross-checking (Minor) at 18:58

2nd period

3. Sabres , Francois Beauchemin 1 (Thomas Vanek, Josh Gorges) at 5:16 (PP)
4. Flyers , Tom Gilbert 2 (Dan Boyle, Daniel Sedin) at 16:38 (PP)

Penalties :
Dan Boyle (PHI) for Elbowing (Minor) at 4:06, Paul Byron (BUF) for Hooking (Minor) at 5:17, Jordan Staal (BUF) for Holding (Minor) at 16:28

3rd period

5. Flyers , Kyle Okposo 7 (Olli Jokinen) at 0:04
6. Flyers , Mike Santorelli 4 (Joel Ward, Marek Zidlicky) at 8:47

Penalties :
Gabriel Bourque (PHI) for Hooking (Minor) at 13:57

Goalie Stats

Ondrej Pavelec (BUF), 15 saves from 19 shots - (0.789), L, 2-3-1, 48:47 minutes
Peter Budaj (BUF), 3 saves from 3 shots - (1.000), 11:13 minutes
Craig Anderson (PHI), 28 saves from 30 shots - (0.933), W, 4-2-0, 60:00 minutes

Players Stats for Sabres

Player Name              G  A  P  +/- PIM S  H  SB GA TA FO     MP     PP MP  PK MP  
------------------------------------------------------------------------------------
Brad Boyes               0  0  0  -1  0   2  0  0  0  0  2/2    19:08   2:40   0:00 
Brad Stuart              0  0  0   0  0   0  0  0  0  0  0/0     3:02   0:00   0:02 
Brayden Schenn           0  0  0   0  0   1  5  0  0  0  1/1    22:00   4:27   0:00 
Braydon Coburn           0  0  0  -1  0   2  3  1  0  0  0/0    15:50   0:00   0:00 
Dan Girardi              1  0  1   0  2   2  2  2  0  0  0/0    24:38   3:13   1:00 
Daniel Winnik            0  0  0   0  0   1  0  0  0  0  1/1    17:28   0:00   3:21 
Francois Beauchemin      1  0  1  -1  0   4  1  4  0  0  0/0    18:54   3:54   2:10 
Jason Pominville         0  0  0   0  0   4  0  0  0  0  2/2    22:00   4:27   0:00 
Johnny Oduya             0  0  0   0  0   0  1  1  0  0  0/0    13:00   0:00   1:08 
Jordan Staal             0  0  0  -1  4   2  6  0  0  0  10/26  21:56   2:40   2:50 
Josh Gorges              0  1  1   0  0   2  1  1  0  0  0/0    18:21   3:54   2:35 
Matt Duchene             0  0  0   0  0   1  0  0  0  0  21/38  23:24   4:27   1:24 
Oliver Ekman-Larsson     0  1  1   0  0   4  4  2  0  0  0/0    26:14   3:13   2:35 
Patrice Cormier          0  0  0   0  0   0  0  0  0  0  0/0     0:00   0:00   0:00 
Paul Byron               0  0  0   0  2   2  0  0  0  0  0/2    14:37   0:00   0:31 
Paul Gaustad             0  0  0   0  0   1  3  0  0  0  12/23  15:31   0:00   1:24 
Thomas Vanek             0  1  1  -1  0   2  0  0  0  0  0/2    19:08   2:40   0:00 
Tom Pyatt                0  0  0   0  0   0  0  0  0  0  0/0     0:00   0:00   0:00 

Players Stats for Flyers

Player Name              G  A  P  +/- PIM S  H  SB GA TA FO     MP     PP MP  PK MP  
------------------------------------------------------------------------------------
Damien Brunner           0  0  0   0  0   0  0  0  0  0  7/16    9:49   0:00   1:44 
Dan Boyle                0  1  1   1  2   0  2  1  0  0  0/0    24:20   2:58   2:44 
Daniel Sedin             0  1  1   0  0   2  0  0  0  0  1/1    18:34   1:31   0:05 
Dany Heatley             0  0  0   0  0   1  0  0  0  0  0/0    11:53   1:31   0:00 
Gabriel Bourque          0  0  0   0  2   0  2  0  0  0  0/0    10:21   0:00   0:00 
Jack Skille              0  0  0   0  0   1  1  0  0  0  0/0     7:48   0:00   0:00 
Jay McClement            0  0  0   1  0   0  1  2  0  0  15/28  18:52   1:31   4:21 
Joel Ward                0  1  1   1  0   1  0  1  0  0  1/5    20:13   2:37   4:36 
Kyle Brodziak            1  0  1   0  0   1  0  0  0  0  4/6     6:01   0:37   0:00 
Kyle Okposo              1  1  2   0  0   7  0  1  0  0  3/4    24:26   3:14   2:46 
Marek Zidlicky           0  2  2   1  0   0  4  2  0  0  0/0    22:41   1:47   3:33 
Mark Stuart              0  0  0  -1  0   1  4  0  0  0  0/0    12:46   0:00   0:38 
Mike Santorelli          1  0  1   1  0   4  0  0  0  0  2/3    16:13   0:00   0:00 
Nathan Gerbe             0  0  0   0  0   0  0  0  0  0  0/1     7:48   0:00   0:00 
Olli Jokinen             0  1  1   0  4   2  2  0  0  0  15/33  20:52   3:14   0:42 
Philip Larsen            0  0  0  -1  0   0  0  0  0  0  0/0    12:08   0:00   0:00 
Ryan Ellis               0  0  0   1  0   1  2  2  0  0  0/0    25:38   1:47   3:57 
Tom Gilbert              1  0  1   1  0   1  0  1  0  0  0/0    22:26   2:58   3:22 

3 Stars

1 - Marek Zidlicky (PHI)
2 - Kyle Okposo (PHI)
3 - Tom Gilbert (PHI)

Power Play

Sabres - 1 on 4 Attempt(s) - 25.00%
Flyers - 2 on 4 Attempt(s) - 50.00%

Penalty Kill

Sabres - 2 on 4 Attempt(s) - 50.00% - Score 0 goal in Penalty Kill
Flyers - 3 on 4 Attempt(s) - 75.00% - Score 0 goal in Penalty Kill

Official

Referees : Trent Knorr and Don VanMassenhoven
Linesman : Scott Cherrey and Ryan Galloway

Game Notes

Kyle Brodziak is injured at 10:40 of 2nd period (Bruised Left Shoulder)
Peter Budaj enters game at 8:47 of 3rd period

Finance

Level 1 -- Attendance: 5680 (87.38%) -- Ticket Income $596,400
Level 2 -- Attendance: 4686 (93.72%) -- Ticket Income $318,648
Level 3 -- Attendance: 3500 (100.00%) -- Ticket Income $122,500
Level 4 -- Attendance: 3148 (89.00%) -- Ticket Income $59,812
Luxury Box -- Attendance: 1000 (100.00%) -- Ticket Income $190,000
Game was played at the Wells Fargo Center
Total Attendance: 18014 (92.20%)
Total Ticket Income: $1,287,360
Other Income: $193,104
Total Income: $1,480,464

% Time on Ice - Sabres

Lines # - Real PCT - Wanted PCT - Time Play
Normal Forward
1 - 36% - 40% - 17:33
2 - 34% - 30% - 16:28
3 - 21% - 20% - 10:04
4 - 8% - 10% - 4:03
Normal Defense
1 - 42% - 40% - 20:26
2 - 27% - 30% - 12:50
3 - 25% - 25% - 11:52
4 - 6% - 5% - 3:00
PP Forward
1 - 63% - 60% - 4:27
2 - 37% - 40% - 2:40
PP Defense
1 - 45% - 60% - 3:13
2 - 55% - 40% - 3:54
PK Forward
1 - 71% - 60% - 3:21
2 - 29% - 40% - 1:24
PK Defense
1 - 46% - 60% - 2:10
2 - 54% - 40% - 2:35
PK3 Forward
1 - 0% - 60%
2 - 0% - 40%
PK3 Defense
1 - 0% - 60%
2 - 0% - 40%
44 Forward
1 - 0% - 55%
2 - 0% - 45%
44 Defense
1 - 0% - 50%
2 - 0% - 50%
Last Minute Offensive  - 0:00
Last Minute Defensive  - 0:00
Total
Forward - 60:00
Defense - 60:00

% Time on Ice - Flyers

Lines # - Real PCT - Wanted PCT - Time Play
Normal Forward
1 - 35% - 40% - 16:58
2 - 27% - 30% - 13:00
3 - 22% - 20% - 10:22
4 - 16% - 10% - 7:48
Normal Defense
1 - 39% - 40% - 18:39
2 - 33% - 35% - 16:06
3 - 25% - 20% - 12:08
4 - 3% - 5% - 1:15
PP Forward
1 - 68% - 60% - 3:14
2 - 32% - 40% - 1:31
PP Defense
1 - 38% - 50% - 1:47
2 - 62% - 50% - 2:58
PK Forward
1 - 66% - 60% - 4:41
2 - 34% - 40% - 2:26
PK Defense
1 - 53% - 60% - 3:45
2 - 47% - 40% - 3:22
PK3 Forward
1 - 0% - 60%
2 - 0% - 40%
PK3 Defense
1 - 0% - 60%
2 - 0% - 40%
44 Forward
1 - 0% - 60%
2 - 0% - 40%
44 Defense
1 - 0% - 60%
2 - 0% - 40%
Last Minute Offensive  - 0:00
Last Minute Defensive  - 0:00
Total
Forward - 60:00
Defense - 60:00

Play by Play

1st period


0:01 of 1st period - Matt Duchene wins face-off versus Olli Jokinen in neutral zone.
0:04 of 1st period - Shot by Oliver Ekman-Larsson.
0:04 of 1st period - Shot Blocked by Dan Boyle.
0:35 of 1st period - Icing by Dan Girardi.
0:36 of 1st period - Matt Duchene wins face-off versus Jay McClement in Sabres zone.
0:40 of 1st period - Icing by Jason Pominville.
0:41 of 1st period - Kyle Brodziak wins face-off versus Matt Duchene in Sabres zone.
0:56 of 1st period - Shot by Dany Heatley.
0:56 of 1st period - Stopped by Ondrej Pavelec without a rebound.
0:57 of 1st period - Jay McClement wins face-off versus Jordan Staal in Sabres zone.
1:48 of 1st period - Philip Larsen is hit by Jordan Staal and loses puck.
2:06 of 1st period - Minor Penalty to Jordan Staal for Hooking.
2:07 of 1st period - Olli Jokinen wins face-off versus Paul Byron in Sabres zone.
2:23 of 1st period - Daniel Winnik is hit by Marek Zidlicky and loses puck.
2:27 of 1st period - Icing by Kyle Brodziak.
2:28 of 1st period - Paul Gaustad wins face-off versus Olli Jokinen in Flyers zone.
2:28 of 1st period - Josh Gorges is hit by Marek Zidlicky and loses puck.
2:39 of 1st period - Shot by Marek Zidlicky.
2:39 of 1st period - Shot Blocked by Oliver Ekman-Larsson.
2:41 of 1st period - Shot by Marek Zidlicky.
2:41 of 1st period - Shot Misses the Net.
2:43 of 1st period - Shot by Kyle Brodziak.
2:43 of 1st period - Goal by Kyle Brodziak - Sabres : 0 - Flyers : 1.
2:44 of 1st period - Paul Gaustad wins face-off versus Damien Brunner in neutral zone.
2:44 of 1st period - Paul Gaustad is hit by Jack Skille.
3:21 of 1st period - Shot by Josh Gorges.
3:21 of 1st period - Stopped by Craig Anderson without a rebound.
3:22 of 1st period - Matt Duchene wins face-off versus Olli Jokinen in Flyers zone.
3:26 of 1st period - Jason Pominville is hit by Dan Boyle and loses puck.
3:40 of 1st period - Minor Penalty to Olli Jokinen for Hooking.
3:41 of 1st period - Jay McClement wins face-off versus Jordan Staal in Flyers zone.
4:00 of 1st period - Shot by Thomas Vanek.
4:00 of 1st period - Deflect By Brad Boyes.
4:00 of 1st period - Shot Blocked by Marek Zidlicky.
4:04 of 1st period - Shot by Thomas Vanek.
4:04 of 1st period - Stopped by Craig Anderson without a rebound.
4:05 of 1st period - Matt Duchene wins face-off versus Jay McClement in Flyers zone.
4:42 of 1st period - Shot by Matt Duchene.
4:42 of 1st period - Shot Misses the Net.
5:07 of 1st period - Shot by Jordan Staal.
5:07 of 1st period - Shot Misses the Net.
5:17 of 1st period - Shot by Brad Boyes.
5:17 of 1st period - Shot Misses the Net.
5:19 of 1st period - Shot by Oliver Ekman-Larsson.
5:19 of 1st period - Shot Misses the Net.
5:21 of 1st period - Shot by Dan Girardi.
5:21 of 1st period - Shot Blocked by Ryan Ellis.
5:25 of 1st period - Shot by Jordan Staal.
5:25 of 1st period - Shot Misses the Net.
5:29 of 1st period - Shot by Thomas Vanek.
5:29 of 1st period - Stopped by Craig Anderson with a rebound.
6:13 of 1st period - Off-side.
6:14 of 1st period - Matt Duchene wins face-off versus Jay McClement in neutral zone.
6:27 of 1st period - Shot by Matt Duchene.
6:27 of 1st period - Shot Misses the Net.
6:29 of 1st period - Shot by Josh Gorges.
6:29 of 1st period - Shot Misses the Net.
6:37 of 1st period - Dan Boyle is hit by Brayden Schenn and loses puck.
6:43 of 1st period - Icing by Ryan Ellis.
6:44 of 1st period - Jordan Staal wins face-off versus Jay McClement in Flyers zone.
7:21 of 1st period - Icing by Ryan Ellis.
7:22 of 1st period - Jay McClement wins face-off versus Matt Duchene in Flyers zone.
7:41 of 1st period - Shot by Brayden Schenn.
7:41 of 1st period - Stopped by Craig Anderson without a rebound.
7:42 of 1st period - Paul Gaustad wins face-off versus Kyle Brodziak in Flyers zone.
7:42 of 1st period - Paul Byron is hit by Marek Zidlicky and loses puck.
7:48 of 1st period - Marek Zidlicky is hit by Paul Gaustad and loses puck.
8:12 of 1st period - Shot by Dany Heatley.
8:12 of 1st period - Deflect By Kyle Brodziak.
8:12 of 1st period - Shot Hit the Post.
8:16 of 1st period - Shot by Kyle Brodziak.
8:16 of 1st period - Deflect By Dany Heatley.
8:16 of 1st period - Shot Misses the Net.
8:23 of 1st period - Icing by Johnny Oduya.
8:24 of 1st period - Kyle Okposo wins face-off versus Paul Gaustad in Sabres zone.
8:44 of 1st period - Icing by Johnny Oduya.
8:45 of 1st period - Paul Gaustad wins face-off versus Nathan Gerbe in Sabres zone.
9:02 of 1st period - Icing by Tom Gilbert.
9:03 of 1st period - Matt Duchene wins face-off versus Damien Brunner in Flyers zone.
9:04 of 1st period - Shot by Oliver Ekman-Larsson.
9:04 of 1st period - Stopped by Craig Anderson without a rebound.
9:05 of 1st period - Olli Jokinen wins face-off versus Matt Duchene in Flyers zone.
9:42 of 1st period - Icing by Ryan Ellis.
9:43 of 1st period - Olli Jokinen wins face-off versus Jordan Staal in Flyers zone.
10:53 of 1st period - Shot by Dan Girardi.
10:53 of 1st period - Shot Misses the Net.
10:55 of 1st period - Shot by Dan Girardi.
10:55 of 1st period - Shot Blocked by Tom Gilbert.
10:57 of 1st period - Shot by Paul Gaustad.
10:57 of 1st period - Shot Misses the Net.
11:52 of 1st period - Icing by Josh Gorges.
11:53 of 1st period - Jason Pominville wins face-off versus Olli Jokinen in Sabres zone.
11:55 of 1st period - Minor Penalty to Olli Jokinen for Slashing.
11:56 of 1st period - Jordan Staal wins face-off versus Damien Brunner in Flyers zone.
11:57 of 1st period - Shot by Thomas Vanek.
11:57 of 1st period - Shot Misses the Net.
11:59 of 1st period - Shot by Francois Beauchemin.
11:59 of 1st period - Stopped by Craig Anderson with a rebound.
12:01 of 1st period - Shot by Brad Boyes.
12:01 of 1st period - Stopped by Craig Anderson with a rebound.
12:03 of 1st period - Shot by Brad Boyes.
12:03 of 1st period - Shot Misses the Net.
12:05 of 1st period - Shot by Francois Beauchemin.
12:05 of 1st period - Shot Blocked by Ryan Ellis.
12:07 of 1st period - Shot by Jordan Staal.
12:07 of 1st period - Stopped by Craig Anderson without a rebound.
12:08 of 1st period - Matt Duchene wins face-off versus Jay McClement in Flyers zone.
12:41 of 1st period - Shot by Oliver Ekman-Larsson.
12:41 of 1st period - Shot Misses the Net.
12:43 of 1st period - Shot by Matt Duchene.
12:43 of 1st period - Stopped by Craig Anderson without a rebound.
12:44 of 1st period - Jordan Staal wins face-off versus Jay McClement in Flyers zone.
12:59 of 1st period - Shot by Brad Boyes.
12:59 of 1st period - Shot Misses the Net.
13:03 of 1st period - Shot by Brad Boyes.
13:03 of 1st period - Shot Misses the Net.
13:05 of 1st period - Shot by Josh Gorges.
13:05 of 1st period - Stopped by Craig Anderson without a rebound.
13:06 of 1st period - Damien Brunner wins face-off versus Matt Duchene in Flyers zone.
13:06 of 1st period - Damien Brunner is hit by Brayden Schenn.
13:18 of 1st period - Shot by Jason Pominville.
13:18 of 1st period - Shot Misses the Net.
13:20 of 1st period - Shot by Oliver Ekman-Larsson.
13:20 of 1st period - Stopped by Craig Anderson without a rebound.
13:21 of 1st period - Jordan Staal wins face-off versus Joel Ward in Flyers zone.
13:34 of 1st period - Shot by Jordan Staal.
13:34 of 1st period - Shot Blocked by Kyle Okposo.
13:36 of 1st period - Shot by Francois Beauchemin.
13:36 of 1st period - Shot Misses the Net.
13:38 of 1st period - Shot by Jordan Staal.
13:38 of 1st period - Deflect By Brad Boyes.
13:38 of 1st period - Stopped by Craig Anderson without a rebound.
13:39 of 1st period - Matt Duchene wins face-off versus Joel Ward in Flyers zone.
13:39 of 1st period - Matt Duchene is hit by Marek Zidlicky.
13:41 of 1st period - Shot by Jason Pominville.
13:41 of 1st period - Stopped by Craig Anderson with a rebound.
13:43 of 1st period - Shot by Oliver Ekman-Larsson.
13:43 of 1st period - Shot Blocked by Jay McClement.
13:45 of 1st period - Shot by Dan Girardi.
13:45 of 1st period - Stopped by Craig Anderson without a rebound.
13:46 of 1st period - Jay McClement wins face-off versus Matt Duchene in Flyers zone.
14:06 of 1st period - Icing by Mark Stuart.
14:07 of 1st period - Olli Jokinen wins face-off versus Matt Duchene in Flyers zone.
14:19 of 1st period - Shot by Dan Girardi.
14:19 of 1st period - Goal by Dan Girardi - Sabres : 1 - Flyers : 1.
14:20 of 1st period - Kyle Brodziak wins face-off versus Jordan Staal in neutral zone.
14:36 of 1st period - Thomas Vanek is hit by Dan Boyle and loses puck.
14:49 of 1st period - Shot by Gabriel Bourque.
14:49 of 1st period - Shot Misses the Net.
15:30 of 1st period - Shot by Kyle Okposo.
15:30 of 1st period - Stopped by Ondrej Pavelec without a rebound.
15:31 of 1st period - Matt Duchene wins face-off versus Jay McClement in Sabres zone.
15:33 of 1st period - Icing by Dan Girardi.
15:34 of 1st period - Olli Jokinen wins face-off versus Matt Duchene in Sabres zone.
16:31 of 1st period - Off-side.
16:32 of 1st period - Jay McClement wins face-off versus Paul Gaustad in neutral zone.
17:19 of 1st period - Ryan Ellis is hit by Paul Gaustad and loses puck.
18:20 of 1st period - Off-side.
18:21 of 1st period - Matt Duchene wins face-off versus Olli Jokinen in neutral zone.
18:44 of 1st period - Daniel Sedin is hit by Oliver Ekman-Larsson and loses puck.
18:58 of 1st period - Minor Penalty to Dan Girardi for Cross-checking.
18:59 of 1st period - Jay McClement wins face-off versus Jordan Staal in Sabres zone.
19:14 of 1st period - Shot by Daniel Sedin.
19:14 of 1st period - Shot Misses the Net.
19:46 of 1st period - Shot by Joel Ward.
19:46 of 1st period - Stopped by Ondrej Pavelec without a rebound.
19:47 of 1st period - Paul Gaustad wins face-off versus Olli Jokinen in Sabres zone.
19:56 of 1st period - Shot by Joel Ward.
19:56 of 1st period - Shot Misses the Net.
19:58 of 1st period - Shot by Kyle Okposo.
19:58 of 1st period - Stopped by Ondrej Pavelec with a rebound.
Goals for this period are 1 for Sabres vs 1 for Flyers.
Shots for this period are 15 for Sabres vs 5 for Flyers.

2nd period


0:01 of 2nd period - Olli Jokinen wins face-off versus Jordan Staal in neutral zone.
0:24 of 2nd period - Shot by Olli Jokinen.
0:24 of 2nd period - Deflect By Kyle Okposo.
0:24 of 2nd period - Shot Misses the Net.
1:04 of 2nd period - Icing by Ryan Ellis.
1:05 of 2nd period - Damien Brunner wins face-off versus Matt Duchene in Flyers zone.
1:14 of 2nd period - Shot by Jack Skille.
1:14 of 2nd period - Stopped by Ondrej Pavelec with a rebound.
1:27 of 2nd period - Off-side.
1:28 of 2nd period - Kyle Brodziak wins face-off versus Thomas Vanek in neutral zone.
2:05 of 2nd period - Thomas Vanek is hit by Gabriel Bourque and loses puck.
2:26 of 2nd period - Braydon Coburn is hit by Olli Jokinen and loses puck.
2:37 of 2nd period - Shot by Kyle Okposo.
2:37 of 2nd period - Stopped by Ondrej Pavelec with a rebound.
2:39 of 2nd period - Shot by Olli Jokinen.
2:39 of 2nd period - Shot Misses the Net.
2:41 of 2nd period - Shot by Daniel Sedin.
2:41 of 2nd period - Shot Misses the Net.
2:43 of 2nd period - Shot by Ryan Ellis.
2:43 of 2nd period - Shot Misses the Net.
2:52 of 2nd period - Icing by Thomas Vanek.
2:53 of 2nd period - Jay McClement wins face-off versus Jordan Staal in Sabres zone.
3:00 of 2nd period - Shot by Joel Ward.
3:00 of 2nd period - Shot Misses the Net.
3:06 of 2nd period - Shot by Mike Santorelli.
3:06 of 2nd period - Shot Misses the Net.
3:13 of 2nd period - Shot by Joel Ward.
3:13 of 2nd period - Shot Blocked by Francois Beauchemin.
3:15 of 2nd period - Shot by Mike Santorelli.
3:15 of 2nd period - Stopped by Ondrej Pavelec without a rebound.
3:16 of 2nd period - Matt Duchene wins face-off versus Damien Brunner in Sabres zone.
3:30 of 2nd period - Dan Boyle is hit by Brayden Schenn and loses puck.
3:41 of 2nd period - Off-side.
3:42 of 2nd period - Olli Jokinen wins face-off versus Paul Gaustad in neutral zone.
4:04 of 2nd period - Shot by Paul Byron.
4:04 of 2nd period - Stopped by Craig Anderson without a rebound.
4:05 of 2nd period - Matt Duchene wins face-off versus Jay McClement in Flyers zone.
4:05 of 2nd period - Matt Duchene is hit by Ryan Ellis.
4:06 of 2nd period - Minor Penalty to Dan Boyle for Elbowing.
4:07 of 2nd period - Jay McClement wins face-off versus Matt Duchene in Flyers zone.
4:50 of 2nd period - Shot by Oliver Ekman-Larsson.
4:50 of 2nd period - Stopped by Craig Anderson without a rebound.
4:51 of 2nd period - Jordan Staal wins face-off versus Olli Jokinen in Flyers zone.
4:54 of 2nd period - Shot by Josh Gorges.
4:54 of 2nd period - Shot Misses the Net.
5:16 of 2nd period - Shot by Francois Beauchemin.
5:16 of 2nd period - Goal by Francois Beauchemin - Sabres : 2 - Flyers : 1.
5:17 of 2nd period - Kyle Brodziak wins face-off versus Paul Gaustad in neutral zone.
5:17 of 2nd period - Minor Penalty to Paul Byron for Hooking.
5:18 of 2nd period - Olli Jokinen wins face-off versus Jordan Staal in Sabres zone.
5:29 of 2nd period - Shot by Joel Ward.
5:29 of 2nd period - Shot Misses the Net.
5:31 of 2nd period - Shot by Kyle Okposo.
5:31 of 2nd period - Stopped by Ondrej Pavelec without a rebound.
5:32 of 2nd period - Jay McClement wins face-off versus Jordan Staal in Sabres zone.
5:32 of 2nd period - Jay McClement is hit by Oliver Ekman-Larsson.
5:34 of 2nd period - Shot by Ryan Ellis.
5:34 of 2nd period - Shot Misses the Net.
5:36 of 2nd period - Shot by Marek Zidlicky.
5:36 of 2nd period - Shot Misses the Net.
5:38 of 2nd period - Shot by Ryan Ellis.
5:38 of 2nd period - Shot Blocked by Oliver Ekman-Larsson.
6:16 of 2nd period - Shot by Ryan Ellis.
6:16 of 2nd period - Stopped by Ondrej Pavelec without a rebound.
6:17 of 2nd period - Jordan Staal wins face-off versus Olli Jokinen in Sabres zone.
6:32 of 2nd period - Shot by Olli Jokinen.
6:32 of 2nd period - Stopped by Ondrej Pavelec without a rebound.
6:33 of 2nd period - Daniel Winnik wins face-off versus Joel Ward in Sabres zone.
6:47 of 2nd period - Tom Gilbert is hit by Oliver Ekman-Larsson and loses puck.
7:57 of 2nd period - Icing by Matt Duchene.
7:58 of 2nd period - Damien Brunner wins face-off versus Matt Duchene in Sabres zone.
8:11 of 2nd period - Shot by Nathan Gerbe.
8:11 of 2nd period - Shot Misses the Net.
8:35 of 2nd period - Shot by Dan Girardi.
8:35 of 2nd period - Shot Misses the Net.
8:42 of 2nd period - Off-side.
8:43 of 2nd period - Olli Jokinen wins face-off versus Jordan Staal in neutral zone.
9:05 of 2nd period - Josh Gorges is hit by Olli Jokinen and loses puck.
10:17 of 2nd period - Off-side.
10:18 of 2nd period - Matt Duchene wins face-off versus Kyle Brodziak in neutral zone.
10:33 of 2nd period - Ryan Ellis is hit by Braydon Coburn and loses puck.
10:39 of 2nd period - Kyle Brodziak is hit by Braydon Coburn and loses puck.
10:40 of 2nd period - Kyle Brodziak from Flyers is injured at 10:40 of 2nd period (Bruised Left Shoulder).
10:41 of 2nd period - Olli Jokinen wins face-off versus Jordan Staal in Sabres zone.
10:52 of 2nd period - Shot by Kyle Okposo.
10:52 of 2nd period - Stopped by Ondrej Pavelec without a rebound.
10:53 of 2nd period - Kyle Okposo wins face-off versus Matt Duchene in Sabres zone.
11:04 of 2nd period - Off-side.
11:05 of 2nd period - Paul Gaustad wins face-off versus Jay McClement in neutral zone.
11:44 of 2nd period - Shot by Mike Santorelli.
11:44 of 2nd period - Shot Misses the Net.
12:06 of 2nd period - Shot by Matt Duchene.
12:06 of 2nd period - Shot Blocked by Joel Ward.
12:55 of 2nd period - Icing by Daniel Sedin.
12:56 of 2nd period - Jordan Staal wins face-off versus Olli Jokinen in Flyers zone.
13:08 of 2nd period - Icing by Daniel Sedin.
13:09 of 2nd period - Paul Gaustad wins face-off versus Olli Jokinen in Flyers zone.
13:28 of 2nd period - Shot by Kyle Okposo.
13:28 of 2nd period - Stopped by Ondrej Pavelec without a rebound.
13:29 of 2nd period - Mike Santorelli wins face-off versus Thomas Vanek in Sabres zone.
13:29 of 2nd period - Mark Stuart is hit by Francois Beauchemin.
13:50 of 2nd period - Braydon Coburn is hit by Gabriel Bourque and loses puck.
14:08 of 2nd period - Icing by Philip Larsen.
14:09 of 2nd period - Matt Duchene wins face-off versus Mike Santorelli in Flyers zone.
14:20 of 2nd period - Shot by Jason Pominville.
14:20 of 2nd period - Stopped by Craig Anderson without a rebound.
14:21 of 2nd period - Olli Jokinen wins face-off versus Paul Gaustad in Flyers zone.
14:54 of 2nd period - Icing by Kyle Okposo.
14:55 of 2nd period - Matt Duchene wins face-off versus Olli Jokinen in Flyers zone.
15:12 of 2nd period - Shot by Francois Beauchemin.
15:12 of 2nd period - Stopped by Craig Anderson without a rebound.
15:13 of 2nd period - Jordan Staal wins face-off versus Damien Brunner in Flyers zone.
15:31 of 2nd period - Icing by Tom Gilbert.
15:32 of 2nd period - Brayden Schenn wins face-off versus Damien Brunner in Flyers zone.
16:07 of 2nd period - Shot by Jason Pominville.
16:07 of 2nd period - Stopped by Craig Anderson with a rebound.
16:09 of 2nd period - Shot by Oliver Ekman-Larsson.
16:09 of 2nd period - Stopped by Craig Anderson without a rebound.
16:10 of 2nd period - Brad Boyes wins face-off versus Olli Jokinen in Flyers zone.
16:25 of 2nd period - Shot by Brad Boyes.
16:25 of 2nd period - Shot Misses the Net.
16:28 of 2nd period - Minor Penalty to Jordan Staal for Holding.
16:29 of 2nd period - Jay McClement wins face-off versus Paul Byron in Sabres zone.
16:36 of 2nd period - Shot by Dan Boyle.
16:36 of 2nd period - Shot Blocked by Josh Gorges.
16:38 of 2nd period - Shot by Tom Gilbert.
16:38 of 2nd period - Goal by Tom Gilbert - Sabres : 2 - Flyers : 2.
16:39 of 2nd period - Jay McClement wins face-off versus Matt Duchene in neutral zone.
16:41 of 2nd period - Philip Larsen is hit by Brayden Schenn and loses puck.
16:58 of 2nd period - Shot by Mike Santorelli.
16:58 of 2nd period - Stopped by Ondrej Pavelec without a rebound.
16:59 of 2nd period - Paul Gaustad wins face-off versus Olli Jokinen in Sabres zone.
17:06 of 2nd period - Icing by Dan Boyle.
17:07 of 2nd period - Jason Pominville wins face-off versus Olli Jokinen in Flyers zone.
17:22 of 2nd period - Shot by Oliver Ekman-Larsson.
17:22 of 2nd period - Shot Misses the Net.
17:50 of 2nd period - Shot by Kyle Okposo.
17:50 of 2nd period - Shot Misses the Net.
18:37 of 2nd period - Shot by Mike Santorelli.
18:37 of 2nd period - Shot Misses the Net.
18:39 of 2nd period - Shot by Marek Zidlicky.
18:39 of 2nd period - Shot Blocked by Johnny Oduya.
19:02 of 2nd period - Icing by Josh Gorges.
19:03 of 2nd period - Damien Brunner wins face-off versus Jordan Staal in Sabres zone.
19:37 of 2nd period - Shot by Daniel Winnik.
19:37 of 2nd period - Stopped by Craig Anderson with a rebound.
19:50 of 2nd period - Icing by Ryan Ellis.
19:51 of 2nd period - Damien Brunner wins face-off versus Matt Duchene in Flyers zone.
Goals for this period are 1 for Sabres vs 1 for Flyers.
Shots for this period are 8 for Sabres vs 10 for Flyers.

3rd period


0:01 of 3rd period - Olli Jokinen wins face-off versus Matt Duchene in neutral zone.
0:04 of 3rd period - Shot by Kyle Okposo.
0:04 of 3rd period - Goal by Kyle Okposo - Sabres : 2 - Flyers : 3.
0:05 of 3rd period - Matt Duchene wins face-off versus Olli Jokinen in neutral zone.
0:30 of 3rd period - Shot by Kyle Okposo.
0:30 of 3rd period - Shot Misses the Net.
0:50 of 3rd period - Shot by Daniel Sedin.
0:50 of 3rd period - Shot Misses the Net.
0:57 of 3rd period - Icing by Oliver Ekman-Larsson.
0:58 of 3rd period - Matt Duchene wins face-off versus Jay McClement in Sabres zone.
1:13 of 3rd period - Icing by Joel Ward.
1:14 of 3rd period - Jay McClement wins face-off versus Paul Gaustad in Flyers zone.
1:53 of 3rd period - Icing by Francois Beauchemin.
1:54 of 3rd period - Paul Gaustad wins face-off versus Kyle Okposo in Sabres zone.
3:51 of 3rd period - Off-side.
3:52 of 3rd period - Brad Boyes wins face-off versus Damien Brunner in neutral zone.
4:01 of 3rd period - Shot by Thomas Vanek.
4:01 of 3rd period - Shot Misses the Net.
4:03 of 3rd period - Shot by Jordan Staal.
4:03 of 3rd period - Stopped by Craig Anderson without a rebound.
4:04 of 3rd period - Olli Jokinen wins face-off versus Paul Gaustad in Flyers zone.
4:06 of 3rd period - Icing by Kyle Okposo.
4:07 of 3rd period - Olli Jokinen wins face-off versus Paul Gaustad in Flyers zone.
4:37 of 3rd period - Shot by Paul Byron.
4:37 of 3rd period - Stopped by Craig Anderson without a rebound.
4:38 of 3rd period - Damien Brunner wins face-off versus Jordan Staal in Flyers zone.
4:38 of 3rd period - Damien Brunner is hit by Jordan Staal.
4:45 of 3rd period - Marek Zidlicky is hit by Jordan Staal and loses puck.
5:15 of 3rd period - Shot by Nathan Gerbe.
5:15 of 3rd period - Shot Blocked by Francois Beauchemin.
5:20 of 3rd period - Icing by Francois Beauchemin.
5:21 of 3rd period - Olli Jokinen wins face-off versus Jordan Staal in Sabres zone.
5:33 of 3rd period - Icing by Daniel Sedin.
5:34 of 3rd period - Daniel Sedin wins face-off versus Matt Duchene in Flyers zone.
5:58 of 3rd period - Olli Jokinen is hit by Dan Girardi and loses puck.
6:06 of 3rd period - Olli Jokinen is hit by Dan Girardi and loses puck.
6:11 of 3rd period - Shot by Daniel Sedin.
6:11 of 3rd period - Stopped by Ondrej Pavelec without a rebound.
6:12 of 3rd period - Paul Gaustad wins face-off versus Jay McClement in Sabres zone.
6:23 of 3rd period - Shot by Paul Byron.
6:23 of 3rd period - Shot Blocked by Jay McClement.
6:40 of 3rd period - Marek Zidlicky is hit by Josh Gorges and loses puck.
7:04 of 3rd period - Icing by Johnny Oduya.
7:05 of 3rd period - Paul Gaustad wins face-off versus Olli Jokinen in Sabres zone.
7:14 of 3rd period - Icing by Ryan Ellis.
7:15 of 3rd period - Matt Duchene wins face-off versus Olli Jokinen in Flyers zone.
8:00 of 3rd period - Shot by Matt Duchene.
8:00 of 3rd period - Shot Misses the Net.
8:03 of 3rd period - Icing by Ryan Ellis.
8:04 of 3rd period - Jordan Staal wins face-off versus Olli Jokinen in Flyers zone.
8:41 of 3rd period - Shot by Mike Santorelli.
8:41 of 3rd period - Stopped by Ondrej Pavelec with a rebound.
8:43 of 3rd period - Shot by Marek Zidlicky.
8:43 of 3rd period - Shot Blocked by Francois Beauchemin.
8:45 of 3rd period - Shot by Joel Ward.
8:45 of 3rd period - Shot Blocked by Braydon Coburn.
8:47 of 3rd period - Shot by Mike Santorelli.
8:47 of 3rd period - Goal by Mike Santorelli - Sabres : 2 - Flyers : 4.
8:47 of 3rd period - Peter Budaj enters game.
8:48 of 3rd period - Mike Santorelli wins face-off versus Paul Gaustad in neutral zone.
9:02 of 3rd period - Icing by Josh Gorges.
9:03 of 3rd period - Damien Brunner wins face-off versus Paul Gaustad in Sabres zone.
9:20 of 3rd period - Marek Zidlicky is hit by Paul Gaustad and loses puck.
9:46 of 3rd period - Icing by Marek Zidlicky.
9:47 of 3rd period - Matt Duchene wins face-off versus Damien Brunner in Flyers zone.
10:34 of 3rd period - Brayden Schenn is hit by Ryan Ellis and loses puck.
10:40 of 3rd period - Daniel Sedin is hit by Oliver Ekman-Larsson and loses puck.
10:49 of 3rd period - Shot by Daniel Sedin.
10:49 of 3rd period - Stopped by Peter Budaj without a rebound.
10:50 of 3rd period - Jay McClement wins face-off versus Jordan Staal in Sabres zone.
10:54 of 3rd period - Mike Santorelli is hit by Braydon Coburn and loses puck.
11:01 of 3rd period - Shot by Joel Ward.
11:01 of 3rd period - Shot Blocked by Francois Beauchemin.
11:03 of 3rd period - Shot by Mike Santorelli.
11:03 of 3rd period - Shot Misses the Net.
11:05 of 3rd period - Shot by Mark Stuart.
11:05 of 3rd period - Stopped by Peter Budaj without a rebound.
11:06 of 3rd period - Kyle Okposo wins face-off versus Paul Gaustad in Sabres zone.
11:06 of 3rd period - Kyle Okposo is hit by Johnny Oduya.
11:59 of 3rd period - Off-side.
12:00 of 3rd period - Jordan Staal wins face-off versus Jay McClement in neutral zone.
12:03 of 3rd period - Joel Ward is hit by Jordan Staal and loses puck.
12:42 of 3rd period - Joel Ward is hit by Jordan Staal and loses puck.
13:03 of 3rd period - Shot by Nathan Gerbe.
13:03 of 3rd period - Shot Blocked by Dan Girardi.
13:05 of 3rd period - Shot by Mark Stuart.
13:05 of 3rd period - Shot Blocked by Dan Girardi.
13:07 of 3rd period - Shot by Philip Larsen.
13:07 of 3rd period - Shot Misses the Net.
13:17 of 3rd period - Shot by Damien Brunner.
13:17 of 3rd period - Shot Misses the Net.
13:45 of 3rd period - Marek Zidlicky is hit by Jordan Staal and loses puck.
13:57 of 3rd period - Minor Penalty to Gabriel Bourque for Hooking.
13:58 of 3rd period - Joel Ward wins face-off versus Matt Duchene in Flyers zone.
14:09 of 3rd period - Shot by Jason Pominville.
14:09 of 3rd period - Stopped by Craig Anderson without a rebound.
14:10 of 3rd period - Jay McClement wins face-off versus Matt Duchene in Flyers zone.
14:10 of 3rd period - Jay McClement is hit by Brayden Schenn.
14:28 of 3rd period - Shot by Matt Duchene.
14:28 of 3rd period - Shot Misses the Net.
14:30 of 3rd period - Shot by Francois Beauchemin.
14:30 of 3rd period - Stopped by Craig Anderson without a rebound.
14:31 of 3rd period - Matt Duchene wins face-off versus Jay McClement in Flyers zone.
15:00 of 3rd period - Shot by Olli Jokinen.
15:00 of 3rd period - Stopped by Peter Budaj without a rebound.
15:01 of 3rd period - Matt Duchene wins face-off versus Joel Ward in Sabres zone.
16:02 of 3rd period - Jordan Staal is hit by Mark Stuart and loses puck.
16:34 of 3rd period - Daniel Winnik is hit by Mark Stuart and loses puck.
16:42 of 3rd period - Paul Byron is hit by Mark Stuart and loses puck.
18:26 of 3rd period - Shot by Daniel Winnik.
18:26 of 3rd period - Deflect By Paul Gaustad.
18:26 of 3rd period - Stopped by Craig Anderson without a rebound.
18:27 of 3rd period - Paul Gaustad wins face-off versus Damien Brunner in Flyers zone.
18:46 of 3rd period - Shot by Paul Byron.
18:46 of 3rd period - Shot Blocked by Marek Zidlicky.
18:48 of 3rd period - Shot by Braydon Coburn.
18:48 of 3rd period - Stopped by Craig Anderson with a rebound.
18:50 of 3rd period - Shot by Braydon Coburn.
18:50 of 3rd period - Stopped by Craig Anderson without a rebound.
18:51 of 3rd period - Jay McClement wins face-off versus Jordan Staal in Flyers zone.
19:01 of 3rd period - Dan Girardi is hit by Jay McClement and loses puck.
19:08 of 3rd period - Shot by Joel Ward.
19:08 of 3rd period - Shot Misses the Net.
19:29 of 3rd period - Thomas Vanek is hit by Mark Stuart.
Goals for this period are 0 for Sabres vs 2 for Flyers.
Shots for this period are 7 for Sabres vs 7 for Flyers.


Output by the SimonT Hockey Simulator (STHS) for Stephane Roy -- Original Page W3C XHTML 1.0 Valid
Hockey Simulator - Hockey Simulation - Hockey Manager